 Dungeon Crawl Stone Soup version 0.16.2-12-gd0ad4c3 (webtiles) character file.

2285 faibistes the Thaumaturge (level 9, -6/47 HPs)
             Began as a Deep Elf Wizard on Oct 29, 2018.
             Was a Believer of Sif Muna.
             Mangled by an ogre
             ... wielding a +0 giant spiked club
              (17 damage)
             ... on level 5 of the Dungeon.
             The game lasted 00:30:29 (9636 turns).

faibistes the Thaumaturge (Deep Elf Wizard)         Turns: 9636, Time: 00:30:30

Health: -6/47      AC:  5    Str:  4    XL:     9   Next: 17%
Magic:  8/29       EV: 17    Int: 27    God:    Sif Muna [**....]
Gold:   220        SH:  0    Dex: 13    Spells: 9 memorised, 3 levels left

rFire  . . .     SeeInvis .     n - +4 short sword (venom)
rCold  . . .     Clarity  .     a - +0 robe
rNeg   . . .     SustAb   .     (no shield)
rPois  .         Gourm    .     s - +1 helmet (curse)
rElec  .         Spirit   .     (no cloak)
rCorr  .         Warding  .     (no gloves)
rMut   .         Stasis   .     m - +0 pair of boots (curse)
MR     .....                    (no amulet)
Stlth  ++........               H - +2 ring of evasion
                                x - ring of flight

@: repel missiles, not resistant to hostile enchantments, unstealthy
A: no striking features
a: Channel Energy, Forget Spell, Renounce Religion, Evoke Flight


You were on level 5 of the Dungeon.
You worshipped Sif Muna.
Sif Muna was pleased with you.
You were not hungry.

You visited 2 branches of the dungeon, and saw 11 of its levels.
You also visited: Ossuary.

You collected 220 gold pieces.

Inventory:

Hand weapons
 e - a +0 short sword
 f - a +0 dagger of draining
 h - a +0 dagger
 n - a +4 short sword of venom (weapon)
Armour
 a - a +0 robe (worn)
 b - a cursed +0 hat
 m - a cursed +0 pair of boots (worn)
 s - a cursed +1 helmet (worn)
 y - a +1 helmet
Jewellery
 x - a ring of flight (left hand)
 H - a +2 ring of evasion (right hand)
Magical devices
 u - a wand of digging (8)
 F - a wand of paralysis (24)
Scrolls
 i - 4 scrolls of identify
 k - 4 scrolls of magic mapping
 l - 3 scrolls of recharging
 o - 4 scrolls of blinking
 v - 3 scrolls of teleportation
 z - a scroll of amnesia
Potions
 j - a potion of heal wounds
 q - 2 potions of agility
 r - a potion of cure mutation {unknown}
 t - a potion of ambrosia {unknown}
 w - a potion of brilliance {unknown}
 A - a potion of poison {unknown}
 B - a potion of berserk rage {unknown}
 G - 2 potions of curing
 K - a potion of haste
Books
 c - a book of Minor Magic

   Spells                             Type                      Level
   a - Magic Dart                     Conjuration                  1
   b - Blink                          Translocation                2
   c - Call Imp                       Summoning                    2
   d - Repel Missiles                 Charms/Air                   2
   e - Slow                           Hexes                        2
   f - Conjure Flame                  Conjuration/Fire             3
   g - Mephitic Cloud                 Conjuration/Poison/Air       3
 g - a book of Air

   Spells                             Type                      Level
   a - Shock                          Conjuration/Air              1
   b - Swiftness                      Charms/Air                   2
   c - Repel Missiles                 Charms/Air                   2
   d - Flight                         Charms/Air                   3
   e - Static Discharge               Conjuration/Air              3
   f - Lightning Bolt                 Conjuration/Air              5
 D - a book of the Warp

   Spells                             Type                      Level
   a - Recall                         Summoning/Translocation      3
   b - Control Teleport               Charms/Translocation         4
   c - Force Lance                    Conjuration/Translocation    4
   d - Phase Shift                    Translocation                5
   e - Warp Weapon                    Charms/Translocation         5
   f - Gell's Gravitas                Hexes/Translocation          5
   g - Summon Forest                  Summoning/Translocation      5
Comestibles
 d - 5 bread rations
 C - a beef jerky
 E - 2 meat rations
 J - 4 fruits


   Skills:
 - Level 1.2 Fighting
 + Level 6.0 Dodging
 - Level 2.4 Stealth
 * Level 9.7 Spellcasting
 * Level 6.0 Conjurations
 - Level 1.1 Summonings
 - Level 2.4 Translocations
 - Level 3.9 Fire Magic
 * Level 3.8 Air Magic
 + Level 3.4 Poison Magic
 - Level 1.3 Evocations


You had 3 spell levels left.
You knew the following spells:

 Your Spells              Type           Power        Failure   Level  Hunger
a - Magic Dart            Conj           ####         1%          1    None
b - Conjure Flame         Conj/Fire      #####...     1%          3    None
c - Call Imp              Summ           ###.....     4%          2    None
d - Blink                 Tloc           N/A          2%          2    None
e - Mephitic Cloud        Conj/Pois/Air  #####...     2%          3    None
f - Repel Missiles        Chrm/Air       ###...       3%          2    None
h - Swiftness             Chrm/Air       ###.....     3%          2    None
v - Lightning Bolt        Conj/Air       #####.....   21%         5    ####...
x - Force Lance           Conj/Tloc      #####...     10%         4    None


Dungeon Overview and Level Annotations

Branches:
Dungeon (10/15)            Temple (1/1) D:7
   Lair: D:8-11         Orc: D:9-12

Altars:
Ashenzari
Cheibriados
Dithmenos
Elyvilon
Fedhas
Gozag
Kikubaaqudgha
Makhleb
Nemelex Xobeh
Okawaru
Qazlal
Ru
Sif Muna
Trog
Vehumet
Xom
Yredelemnul
Zin
The Shining One

Shops:
D:4 =


Message History

The orc is severely wounded.
The orc hits you with a war axe.
* * * LOW HITPOINT WARNING * * *
The orc warrior is engulfed in noxious fumes.
The orc warrior appears confused.
The orc warrior hits the orc with a mace!
The orc is killed!
Your Conjurations skill increases to level 6!
The orc warrior is engulfed in noxious fumes.
The orc warrior appears confused.
There is an escape hatch in the ceiling here.
Casting: Mephitic Cloud
Confirm with . or Enter, or press ? or * to list all spells.
Aiming: Force Lance
Press: ? - help, Shift-Dir - straight line, f - ogre, p - orc warrior
Aim: an ogre, wielding a giant spiked club The lance of force hits the ogre.
The ogre is heavily wounded.
The ogre hits you with a giant spiked club!
You die...

##......................#
##.......##.<.##..####+#
##.......##...##..###...
.#.......#..............#
.#.......#..............
.+....(..+..............
##..(.##.##..###...##...
##....##'##..###...##...#
...............O@.......#
........................#
........................#
.........)..†.).........#
........>...............
.............##....##...
#.....##.....##....# ...
##'#########+##....#
'........... +.....#


You could see an ogre.

Vanquished Creatures
  Prince Ribbit (D:5)
  2 hungry ghosts (D:7)
  Edmund (D:5)
  2 ice beasts (D:5)
  3 ogres (D:4)
  An eye of draining (D:8)
  An elf zombie (Ossuary)
  Sigmund (D:3)
  Duvessa (D:5)
  A giant frog (D:7)
  A wyvern skeleton (D:8)
  A water moccasin skeleton (D:5)
  A crimson imp (D:6)
  Dowan (D:5)
  An orc priest (D:7)
  A centaur zombie (D:5)
  A jelly (D:6)
  An iguana (D:5)
  A worker ant (D:4)
  5 orc wizards
  Jessica (D:3)
  A hound skeleton (D:4)
  3 mummies (Ossuary)
  Robin (D:4)
  10 adders
  A giant mite (D:1)
  6 worms
  3 adder zombies (Ossuary)
  3 giant geckos
  23 orcs
  13 bats
  A bat skeleton (D:4)
  A bat zombie (D:6)
  5 giant cockroaches
  22 goblins
  22 hobgoblins
  2 oozes
  3 quokkas
  2 ball pythons
  A giant gecko skeleton (D:5)
  4 giant newts
  5 goblin zombies (Ossuary)
  A hobgoblin zombie (Ossuary)
  10 jackals
  A jackal zombie (D:7)
  11 kobolds
  3 kobold zombies (Ossuary)
  An orc zombie (Ossuary)
  A quokka zombie (Ossuary)
  6 rats
  3 rat zombies (Ossuary)
198 creatures vanquished.

Vanquished Creatures (collateral kills)
  A water moccasin (D:6)
  A giant frog (D:6)
  A worker ant (D:5)
  An adder (D:3)
  A giant gecko (D:1)
  An ooze (D:1)
  A hobgoblin (D:3)
  A giant newt (D:1)
  2 kobolds
  A rat (D:5)
11 creatures vanquished.

Vanquished Creatures (others)
  2 crimson imps (Ossuary)
  An iron imp (Ossuary)
  A shadow imp (D:1)
  2 white imps (D:6)
  A hobgoblin (D:4)
7 creatures vanquished.

Grand Total: 216 creatures vanquished

Notes
Turn   | Place    | Note
--------------------------------------------------------------
     0 | D:1      | faibistes, the Deep Elf Wizard, began the quest for the Orb.
     0 | D:1      | Reached XP level 1. HP: 10/10 MP: 6/6
   494 | D:1      | Reached XP level 2. HP: 10/15 MP: 5/10
   593 | D:1      | Learned a level 2 spell: Blink
   596 | D:1      | Learned a level 2 spell: Call Imp
  1196 | D:1      | Reached skill level 5 in Spellcasting
  1521 | D:1      | Reached XP level 3. HP: 19/19 MP: 7/14
  1529 | D:1      | Learned a level 3 spell: Conjure Flame
  1533 | D:1      | Learned a level 3 spell: Mephitic Cloud
  2261 | D:2      | Learned a level 2 spell: Repel Missiles
  2448 | D:2      | Reached XP level 4. HP: 24/24 MP: 4/17
  3212 | D:3      | Noticed Jessica
  3222 | D:3      | Killed Jessica
  3222 | D:3      | Reached skill level 6 in Spellcasting
  3464 | D:3      | Reached XP level 5. HP: 28/28 MP: 15/20
  3784 | D:3      | Noticed Sigmund
  3975 | D:3      | Killed Sigmund
  4085 | D:3      | Reached skill level 7 in Spellcasting
  4085 | D:3      | Reached XP level 6. HP: 29/32 MP: 16/23
  4937 | D:5      | Entered Level 5 of the Dungeon
  5050 | D:5      | Noticed Duvessa
  5050 | D:5      | Noticed Dowan
  5074 | D:5      | Killed Dowan
  5090 | D:5      | Killed Duvessa
  5331 | D:6      | Noticed a water moccasin
  5341 | D:6      | Killed a water moccasin
  5341 | D:6      | Reached XP level 7. HP: 35/37 MP: 12/25
  5377 | D:6      | Reached skill level 8 in Spellcasting
  5377 | D:6      | Reached skill level 1 in Evocations
  5425 | D:7      | Reached skill level 1 in Fighting
  5506 | D:7      | Found a staircase to the Ecumenical Temple.
  5514 | Temple   | Entered the Ecumenical Temple
  5544 | Temple   | Became a worshipper of Sif Muna the Loreminder
  5599 | D:7      | Found a sand-covered staircase.
  5606 | Ossuary  | Entered an ossuary
  5624 | Ossuary  | Reached skill level 5 in Dodging
  5776 | Ossuary  | Reached skill level 1 in Fire Magic
  5776 | Ossuary  | Reached skill level 1 in Air Magic
  6560 | D:6      | Reached skill level 1 in Poison Magic
  6573 | D:6      | Learned a level 4 spell: Force Lance
  6590 | D:5      | You fall through a shaft!
  6823 | D:5      | Acquired Sif Muna's first power
  6823 | D:5      | Reached XP level 8. HP: 43/43 MP: 0/28
  7281 | D:7      | Reached skill level 9 in Spellcasting
  7737 | D:8      | Reached skill level 5 in Conjurations
  7836 | D:10     | Entered Level 10 of the Dungeon
  7945 | D:4      | Noticed an ogre
  7956 | D:4      | Killed an ogre
  8006 | D:4      | Noticed an ogre
  8007 | D:4      | Found an opulent altar of Gozag.
  8015 | D:4      | Killed an ogre
  8015 | D:4      | Acquired Sif Muna's second power
  8137 | D:4      | Found an iron altar of Okawaru.
  8138 | D:4      | Noticed an ogre
  8145 | D:4      | Killed an ogre
  8362 | D:4      | Noticed Robin
  8376 | D:4      | Killed Robin
  8891 | D:4      | Found Uhistir's Jewellery Shop.
  9110 | D:5      | Noticed Edmund
  9145 | D:5      | Killed Edmund
  9145 | D:5      | Reached XP level 9. HP: 47/47 MP: 11/29
  9154 | D:5      | Learned a level 5 spell: Lightning Bolt
  9155 | D:5      | Noticed Prince Ribbit
  9157 | D:5      | Learned a level 2 spell: Swiftness
  9169 | D:5      | Killed Prince Ribbit
  9636 | D:5      | Mangled by an ogre

Action                   |  1- 3 |  4- 6 |  7- 9 || total
-------------------------+-------+-------+-------++-------
Melee: Unarmed           |     4 |       |       ||     4
       Short sword       |     6 |    20 |   133 ||   159
 Cast: Magic Dart        |    95 |   133 |   183 ||   411
       Call Imp          |     2 |     8 |     4 ||    14
       Mephitic Cloud    |     1 |    14 |    27 ||    42
       Repel Missiles    |     1 |     1 |     1 ||     3
       Blink             |       |     4 |    11 ||    15
       Conjure Flame     |       |       |    18 ||    18
       Force Lance       |       |       |    17 ||    17
Evoke: Wand              |       |       |     1 ||     1
  Use: Potion            |       |     2 |     3 ||     5
       Scroll            |       |       |    12 ||    12
 Stab: Confused          |       |     2 |     2 ||     4
       Sleeping          |       |     2 |       ||     2
       Paralysed         |       |       |     4 ||     4
  Eat: Chunk             |     4 |     9 |     8 ||    21
       Beef jerky        |       |       |     1 ||     1
       Bread ration      |       |       |     1 ||     1
